 Dungeon Crawl Stone Soup version 0.27.1-1-g398f81649c (webtiles) character file.

Game seed: 13099815413283752766

80 speeev33 the Skirmisher (level 4, -11/41 HPs)
             Began as a Hill Orc Fighter on Sept 17, 2021.
             Killed by divine providence
             ... invoked by an orc priest
              (13 damage)
             ... on level 3 of the Dungeon.
             The game lasted 00:02:16 (1660 turns).

speeev33 the Skirmisher (Hill Orc Fighter)          Turns: 1660, Time: 00:02:16

Health: -11/41     AC:  7    Str: 19    XL:     4   Next: 39%
Magic:  4/4        EV: 22    Int:  8    God:
Gold:   68         SH:  9    Dex: 10    Spells: 3/3 levels left

rFire    . . .     SeeInvis .   a - +0 war axe
rCold    . . .     Faith    .   c - +0 kite shield
rNeg     . . .     Spirit   .   b - +0 scale mail
rPois    .         Reflect  .   (no helmet)
rElec    .         Harm     .   (no cloak)
rCorr    .         Rampage  .   (no gloves)
Will     .....                  (no boots)
Stlth    ..........             e - amulet of the acrobat
HPRegen  0.13/turn              (no ring)
MPRegen  0.09/turn              (no ring)

@: acrobatic
A: no striking features
a: Convert to Beogh


You were on level 3 of the Dungeon.
You visited 1 branch of the dungeon, and saw 3 of its levels.

You collected 68 gold pieces.

Inventory:

Hand Weapons
 a - a +0 war axe (weapon)
Armour
 b - a +0 scale mail (worn)
 c - a +0 kite shield (worn)
Jewellery
 e - an amulet of the acrobat (around neck)
Scrolls
 f - a scroll of blinking
Potions
 d - a potion of might
 g - 2 potions of haste
 i - a potion of curing


   Skills:
 + Level 4.3 Fighting
 + Level 3.7 Axes
 + Level 4.1 Armour
 + Level 3.9 Shields


You had 3 spell levels left.
You didn't know any spells.
Your spell library was empty.

Dungeon Overview and Level Annotations

Branches:
Dungeon (3/15)

Altars:


Message History

You barely miss the orc priest.
The orc priest is heavily wounded.
You closely miss the orc.
The goblin shouts!
You hear a shout!
The orc priest hits you but does no damage.
The orc hits you but does no damage.
You hear a shout!
You hit the orc priest.
The orc priest is severely wounded.
You hit the orc.
The orc priest shouts, "Beogh is our master!
Accept the truth or die!"
You block the orc priest's attack. The orc hits you with a +0 flail.
The orc priest mumbles some strange prayers to Beogh against you.
Pain shoots through your body!
A hobgoblin comes into view.
You hit the orc priest but do no damage.
The orc priest is severely wounded.
You barely miss the orc.
A goblin comes into view. It is wielding a +0 club.
The orc priest hits you with a +0 flail!
You block the orc's attack.
Your shield prevents you from hitting the orc priest.
The orc priest is severely wounded.
You slash the goblin!
You kill the goblin!
You slash the orc!
You kill the orc!
A goblin comes into view. It is wielding a +0 club.
The orc priest hits you with a +0 flail.
A hobgoblin comes into view.
The orc priest mumbles some strange prayers to Beogh against you.
Beogh smites you!
* * * LOW HITPOINT WARNING * * *
The goblin shouts!
The orc priest threatens, "By the altar or by the axe, you will meet Beogh!"
You hear a shout!
The orc hits you but does no damage.
The orc priest mumbles some strange prayers to Beogh against you.
Beogh smites you!
You die...

........# g# .......#
###g##### ### ......##
#..g.!... ... #....8
#........
#.###...####.g......
#.##........).#oo......
.............#)o......
...##.........og#
.......<......@##
..............##
####..........#
##.........#
#.........# #.#.......#
#.####..#.. .. ##....


You could see an orc priest, 3 orcs, a hobgoblin and 3 goblins.

Vanquished Creatures
  An adder (D:2)
  A worm (D:2)
  3 dart slugs
  An orc (D:3)
  2 ball pythons
  5 bats
  5 endoplasms
  3 goblins
  5 hobgoblins
  3 jackals (D:1)
  2 quokkas (D:2)
  5 frilled lizards (D:1)
  6 kobolds
  24 rats
66 creatures vanquished.

Notes
Turn   | Place    | Note
-------+----------+-------------------------------------------
     0 | D:1      | speeev33 the Hill Orc Fighter began the quest for the Orb.
     0 | D:1      | Reached XP level 1. HP: 19/19 MP: 1/1
   221 | D:1      | Reached XP level 2. HP: 27/27 MP: 2/2
   498 | D:1      | Found a faded altar of an unknown god.
   571 | D:1      | Reached XP level 3. HP: 33/33 MP: 3/3
  1086 | D:2      | Reached XP level 4. HP: 34/40 MP: 4/4
  1659 | D:3      | HP: 2/41 [orc priest/divine providence (16)]
  1660 | D:3      | Killed from afar by an orc priest

Illustrated notes

Levels and vault maps discovered:
D:1:      minmay_arrival_hallway, layout_rooms,
          hellmonk_ecumenical_altar_run_dry
D:2:      layout_loops_ring, minmay_rat_hole
D:3:      layout_rooms, mainiacjoe_overflow_concentric_impassable,
          serial_corexii_hall, corexii_hall_statues_i, corexii_hall_statues_s,
          chequers_hall_statues_wall_a, chequers_hall_statues_corner_a,
          hex_medium, grunt_decor_cap, uniq_robin, uniq_jessica

Skill      XL: |  1  2  3 |
---------------+----------+-----
Axes           | 3 |  3.7
Fighting       | 4 |  4.3
Armour         | 4 |  4.1
Shields        | |  3.9

Action                   |  1- 3 |  4- 6 || total
-------------------------+-------+-------++-------
Melee: War axe           |   143 |    27 ||   170
  Use: Scroll            |     2 |     1 ||     3
Armor: Scale mail        |    65 |    20 ||    85
Dodge: Dodged            |    31 |    12 ||    43
Block: Kite shield       |    84 |    21 ||   105
